 Dungeon Crawl Stone Soup version 0.23.2-40-g277498a001 (webtiles) character file.

Game seed: 3117332220718621700

4082 KamiKatze the Magician (level 10, -1/51 HPs)
             Began as a Spriggan Conjurer on Sept 30, 2019.
             Was a Believer of Vehumet.
             Slain by a two-headed ogre
             ... wielding a cursed -1 giant spiked club
              (25 damage)
             ... on level 9 of the Dungeon on Oct 1, 2019.
             The game lasted 00:59:51 (11182 turns).

KamiKatze the Magician (Spriggan Conjurer)         Turns: 11182, Time: 01:00:13

Health: -1/51      AC:  4    Str:  4    XL:     10   Next: 5%
Magic:  22/22      EV: 20    Int: 21    God:    Vehumet [**....]
Gold:   573        SH:  0    Dex: 16    Spells: 6/24 levels left

rFire    . . .     SeeInvis +   x - +1 dagger (flame)
rCold    . . .     Gourm    .   (shield restricted)
rNeg     . . .     Faith    .   G - +1 robe {Archmagi}
rPois    .         Spirit   .   (helmet restricted)
rElec    .         Reflect  .   i - +0 cloak
rCorr    .         Harm     .   (gloves unavailable)
MR       +....                  (boots unavailable)
Stlth    +++.......             y - amulet of regeneration
HPRegen  0.57/turn              (no ring)
MPRegen  0.18/turn              (no ring)

@: very quick
A: very small, unfitting armour, see invisible, herbivore, speed 3, slow
metabolism 2
a: Renounce Religion


You were on level 9 of the Dungeon.
You worshipped Vehumet.
Vehumet was pleased with you.
You were not hungry.

You visited 2 branches of the dungeon, and saw 10 of its levels.

You collected 573 gold pieces.

Inventory:

Hand Weapons
 b - a +0 spear
 x - a +1 dagger of flaming (weapon)
 E - a +2 hand axe of electrocution
Missiles
 q - 2 throwing nets (quivered)
 s - 5 tomahawks of dispersal
Armour
 f - a +0 buckler
 i - a +0 cloak (worn)
 G - a +1 robe of the Archmagi (worn)
Jewellery
 y - an amulet of regeneration (around neck)
 B - an uncursed ring of ice
Wands
 u - a wand of digging (2)
 F - a wand of random effects (19)
Scrolls
 g - a scroll of magic mapping {unknown}
 l - 3 scrolls of remove curse
 m - 3 scrolls of teleportation
 n - a scroll of fog
 o - a scroll of blinking {unknown}
 r - a scroll of amnesia {unknown}
 w - 2 scrolls of fear
 A - a scroll of torment {unknown}
Potions
 d - a potion of magic
 e - 4 potions of haste
 h - a potion of might
 j - a potion of mutation
 k - 6 potions of curing
 p - 2 potions of cancellation
 t - a potion of berserk rage
 v - 2 potions of agility
 z - a potion of flight
 C - a potion of ambrosia
 D - a potion of lignification
Comestibles
 c - 10 rations


   Skills:
 + Level 4.7 Fighting
 - Level 2.1 Short Blades
 - Level 5.0 Dodging
 + Level 4.1 Stealth
 + Level 7.8 Spellcasting
 * Level 7.5 Conjurations
 + Level 6.8 Hexes
 - Level 4.0 Translocations


You had 6 spell levels left.
You knew the following spells:

 Your Spells              Type           Power        Failure   Level  Hunger
a - Magic Dart            Conj           ####         1%          1    None
b - Searing Ray           Conj           ######       1%          2    None
c - Dazzling Spray        Conj/Hex       ######       1%          3    None
d - Iskenderun's Mystic   Conj           ######..     3%          4    ###....
e - Fulminant Prism       Conj/Hex       ######....   4%          4    ###....
f - Force Lance           Conj/Tloc      #####...     8%          4    ###....

Your spell library contained the following spells:

 Spells                   Type           Power        Failure   Level  Hunger
 Static Discharge         Conj/Air       #####...     5%          3    None
 Apportation              Tloc           #####.       1%          1    None
 Confusing Touch          Hex            ######       1%          1    None
 Corona                   Hex            ######.      1%          1    None
 Confuse                  Hex            ######..     1%          3    None
 Tukima's Dance           Hex            ######..     1%          3    None
 Ensorcelled Hibernation  Hex/Ice        ####..       3%          2    None
 Animate Skeleton         Necr           N/A          9%          1    None
 Summon Small Mammal      Summ           ##..         9%          1    None


Dungeon Overview and Level Annotations

Branches:
Dungeon (9/15)             Temple (1/1) D:5
   Lair: D:8-11         Orc: D:9-12

Altars:
Ashenzari
Cheibriados
Dithmenos
Elyvilon
Fedhas
Gozag
Hepliaklqana
Kikubaaqudgha
Makhleb
Nemelex Xobeh
Okawaru
Qazlal
Ru
Sif Muna
Trog
Uskayaw
Vehumet
Wu Jian
Xom
Yredelemnul
Zin
The Shining One

Annotations:
D:9 exclusion: two-headed ogre


Innate Abilities, Weirdness & Mutations

You are very small and have problems with some larger weapons.
You are too small for most types of armour.
You have supernaturally acute eyesight. (SInv)
You are a herbivore.
You cover ground extremely quickly.
You need to consume almost no food.


Message History

The searing ray hits the centaur skeleton!
The centaur skeleton is heavily damaged.
The searing ray hits the centaur skeleton!
The centaur skeleton is almost destroyed.
The centaur skeleton closely misses you.
The searing ray hits the centaur skeleton!
You destroy the centaur skeleton!
Vehumet accepts your kill.
You feel your power returning.
You finish channeling your searing ray.
You start resting.
Magic restored.
Found a scroll labeled WOT GALIEGO.
Really walk into a travel-excluded area?
The helpless two-headed ogre fails to defend itself.
You impale the two-headed ogre!! You burn the two-headed ogre!
The two-headed ogre is heavily wounded.
The two-headed ogre hits you with a cursed -1 giant spiked club!!
Ouch! That really hurt!
The two-headed ogre hits you with a +0 giant club!!
You die...

#..##### #######.......
#............
#..........#
##..........#
............############
............)...........
......O@................
.#######..###########.##
#..# #.#
#..###########.#
######..............##
.......................
.................######
.................#
.................######


You could see a two-headed ogre.

Vanquished Creatures
  Prince Ribbit (D:6)
  Sigmund (D:3)
  A hungry ghost (D:6)
  Menkaure (D:4)
  A hornet zombie (D:7)
  2 sky beasts
  2 ice beasts
  4 orc warriors
  3 phantoms
  A black bear (D:8)
  3 centaurs
  An ogre (D:4)
  A crocodile (D:7)
  3 bullfrogs
  2 scorpions
  4 wights
  6 crimson imps
  A bullfrog zombie (D:8)
  2 centaur skeletons
  4 hounds
  A jelly (D:5)
  7 orc wizards
  5 orc priests
  2 bullfrog skeletons (D:6)
  Jessica (D:3)
  An iguana (D:7)
  8 worker ants
  A hound skeleton (D:9)
  A worker ant zombie (D:6)
  13 adders
  6 gnolls
  3 shadow imps
  2 oozes
  An adder zombie (D:8)
  An adder skeleton (D:6)
  2 worms
  2 dart slugs
  9 leopard geckos
  33 orcs
  7 bats
  6 giant cockroaches
  5 goblins
  10 hobgoblins
  3 quokkas
  A ball python (D:2)
  7 frilled lizards
  A jackal zombie (D:8)
  9 kobolds
  7 rats
199 creatures vanquished.

Vanquished Creatures (others)
  17 fulminant prisms
17 creatures vanquished.

Grand Total: 216 creatures vanquished

Notes
Turn   | Place    | Note
-------+----------+-------------------------------------------
     0 | D:1      | KamiKatze the Spriggan Conjurer began the quest for the
                  | Orb.
     0 | D:1      | Reached XP level 1. HP: 9/9 MP: 5/5
   388 | D:1      | Reached XP level 2. HP: 10/13 MP: 0/7
   392 | D:1      | Learned a level 2 spell: Searing Ray
  1040 | D:2      | Reached XP level 3. HP: 16/16 MP: 3/8
  1197 | D:1      | Learned a level 3 spell: Dazzling Spray
  1676 | D:2      | Reached XP level 4. HP: 20/21 MP: 2/10
  1682 | D:2      | Learned a level 4 spell: Iskenderun's Mystic Blast
  1927 | D:2      | Found a deep blue altar of Sif Muna.
  2190 | D:2      | Found a faded altar of an unknown god.
  2229 | D:2      | Reached skill level 1 in Hexes
  2251 | D:2      | Found a sparkling altar of Nemelex Xobeh.
  2396 | D:3      | Reached skill level 1 in Fighting
  2427 | D:3      | Noticed Sigmund
  2588 | D:3      | Reached XP level 5. HP: 25/25 MP: 9/11
  2628 | D:3      | Killed Sigmund
  2628 | D:3      | Reached XP level 6. HP: 15/30 MP: 2/13
  2829 | D:3      | Noticed Jessica
  2834 | D:3      | Killed Jessica
  2858 | D:3      | Found a glowing silver altar of Zin.
  3404 | D:3      | Learned a level 4 spell: Fulminant Prism
  3682 | D:4      | Reached skill level 1 in Short Blades
  4000 | D:4      | Reached XP level 7. HP: 35/35 MP: 2/15
  4157 | D:4      | Noticed Menkaure
  4196 | D:4      | Killed Menkaure
  4196 | D:4      | Reached skill level 5 in Spellcasting
  4557 | D:4      | Reached skill level 5 in Conjurations
  4876 | D:5      | Entered Level 5 of the Dungeon
  5082 | D:5      | Found a staircase to the Ecumenical Temple.
  5096 | Temple   | Entered the Ecumenical Temple
  5273 | Temple   | Became a worshipper of Vehumet
  5545 | D:5      | Found an ornate altar of the Wu Jian Council.
  5548 | D:5      | Found a shattered altar of Ashenzari.
  5647 | D:5      | Found a snail-covered altar of Cheibriados.
  5873 | D:6      | Found an opulent altar of Gozag.
  6253 | D:6      | Reached XP level 8. HP: 39/39 MP: 7/17
  6367 | D:6      | Noticed Prince Ribbit
  6681 | D:6      | Learned a level 4 spell: Force Lance
  6831 | D:6      | Reached skill level 1 in Translocations
  7162 | D:6      | Reached * piety under Vehumet
  7162 | D:6      | Offered knowledge of Shock by Vehumet.
  7423 | D:6      | Killed Prince Ribbit
  7423 | D:6      | Reached skill level 5 in Hexes
  8150 | D:6      | Reached XP level 9. HP: 21/45 MP: 6/20
  9179 | D:7      | Found a shadowy altar of Dithmenos.
  9518 | D:8      | Offered knowledge of Throw Frost by Vehumet.
  9518 | D:8      | Reached ** piety under Vehumet
  9892 | D:8      | Reached skill level 5 in Dodging
 10183 | D:8      | Found an iron altar of Okawaru.
 10185 | D:8      | Found a stormy altar of Qazlal.
 10758 | D:8      | Reached XP level 10. HP: 35/51 MP: 15/22
 10856 | D:8      | Found a bloodstained altar of Trog.
 10987 | D:8      | Offered knowledge of Static Discharge by Vehumet.
 11131 | D:9      | Noticed a two-headed ogre
 11182 | D:9      | Slain by a two-headed ogre

Skill      XL: |  1  2  3  4  5  6  7  8  9 |
---------------+----------------------------+-----
Conjurations   | 3 4 5 6 7 |  7.5
Spellcasting   | 3 4 5 6 7 |  7.8
Hexes          | 1 2 3 4 5 6 |  6.8
Fighting       | 1 2 3 4 |  4.7
Short Blades   | 1 2 |  2.1
Translocations | 3 4 |  4.0
Dodging        | 5 |  5.0
Stealth        | 4 |  4.1

Action                   |  1- 3 |  4- 6 |  7- 9 | 10-12 || total
-------------------------+-------+-------+-------+-------++-------
Melee: Spear             |     5 |       |       |       ||     5
       Dagger            |    14 |    43 |    43 |     1 ||   101
 Cast: Magic Dart        |    78 |    74 |   300 |    20 ||   472
       Searing Ray       |     3 |    18 |    39 |     5 ||    65
       Dazzling Spray    |       |     4 |     4 |       ||     8
       Fulminant Prism   |       |       |    17 |       ||    17
       Iskenderun's Myst |       |       |     7 |       ||     7
  Use: Scroll            |       |     6 |    12 |     1 ||    19
 Stab: Sleeping          |     2 |     3 |     2 |     1 ||     8
       Invisible         |       |     1 |     1 |       ||     2
  Eat: Ration            |       |       |     5 |       ||     5
Armor: Robe              |     3 |     3 |    13 |       ||    19
Dodge: Dodged            |    26 |    48 |   110 |     4 ||   188
